cohdb
Replays
Latest Replays
All Replays
Popular Replays
Top Player Replays
Match Explorer
How It Works
Community
CoH3 Stats
Reddit
Sign in to upload your games and track your stats! →
Sign in with Steam
Match 20433870
Unlisted
Match 20433870
Overview
Messages
Build Orders
End
Royal Engineer Section
Construct Section Command Post
Selects Air and Sea Battlegroup
Vickers Machine Gun Team
Infantry Section
ML 3-inch Mortar Team
Infantry Section
Selects Supply Surplus
Construct Field Infirmary
Grenade Package
Construct Platoon Command Post
CMP 15cwt Truck
Selects Commando Section Paradrop
Commando Section Paradrop
Selects M1 Pack Howitzer Paradrop
Humber Armored Car
Construct Resource Cache
Construct Company Command Post
Construct Resource Cache
Crusader II Medium Tank
Selects Incendiary Bombing Run
Incendiary Bombing Run
6-pounder Anti-tank Gun Team
Matilda II Heavy Tank
M1 Pack Howitzer Paradrop
Incendiary Bombing Run
Selects Centaur Medium Tank
Selects Naval Bombardment
Naval Bombardment
gb_gbg
SneaKerz
Sniki
yodaplus
0
0
Comments
sign in to comment!
No comments posted yet!